 Dungeon Crawl Stone Soup version 0.26.1-11-gd32895ea62 (webtiles) character file.

Game seed: 8799221064689263542

172 bnorton916 the Shield-Bearer (level 5, -1/43 HPs)
             Began as a Formicid Fighter on June 11, 2021.
             Succumbed to a goblin's poison
             ... on level 3 of the Dungeon.
             The game lasted 00:02:29 (1915 turns).

bnorton916 the Shield-Bearer (Formicid Fighter)     Turns: 1915, Time: 00:02:30

Health: -1/43      AC:  8    Str: 22    XL:     5   Next: 83%
Magic:  5/5        EV:  8    Int:  7    God:
Gold:   72         SH: 10    Dex: 10    Spells: 4/4 levels left

rFire    . . .     SeeInvis +   a - +0 war axe
rCold    . . .     Faith    .   c - +0 kite shield
rNeg     . . .     Spirit   .   b - +0 scale mail
rPois    .         Reflect  .   (helmet unavailable)
rElec    .         Harm     .   l - +0 cloak
rCorr    .         Rampage  .   (no gloves)
Will     .....                  (no boots)
Stlth    ..........             (no amulet)
HPRegen  0.14/turn              (no ring)
MPRegen  0.09/turn              (no ring)

@: lethally poisoned (-1 -> -18)
A: permanent stasis, dig shafts and tunnels, four strong arms, antennae 3
a: Dig, Shaft Self


You were on level 3 of the Dungeon.
You visited 1 branch of the dungeon, and saw 3 of its levels.

You collected 72 gold pieces.

Inventory:

Hand Weapons
 a - a +0 war axe (weapon)
Armour
 b - a +0 scale mail (worn)
 c - a +0 kite shield (worn)
 l - a +0 cloak (worn)
Jewellery
 i - an uncursed amulet of magic regeneration {unknown}
Scrolls
 e - a scroll of amnesia {unknown}
 f - 3 scrolls of remove curse
 g - 3 scrolls of identify {unknown}
 h - a scroll of immolation {unknown}
 j - a scroll of magic mapping {unknown}
 k - a scroll of teleportation {unknown}
Potions
 d - 2 potions of might


   Skills:
 + Level 4.3 Fighting
 + Level 3.1 Axes
 + Level 4.4 Armour
 + Level 4.8 Shields


You had 4 spell levels left.
You didn't know any spells.
Your spell library was empty.

Dungeon Overview and Level Annotations

Branches:
Dungeon (3/15)

Altars:
Elyvilon

Annotations:
D:3 Natasha


Innate Abilities, Weirdness & Mutations

You cannot be hasted, slowed, berserked, paralysed or teleported.
You can dig through walls and to a lower floor.
Your four strong arms can wield two-handed weapons with a shield.
You have a pair of large antennae on your head. (SInv)


Message History

You are more poisoned.
You barely miss the goblin.
You feel very sick. The goblin barely misses you.
You slash the goblin!
You kill the goblin!
You feel sick.
The orc priest mumbles some strange prayers to Beogh against you.
Beogh smites you!
The orc priest invokes the aid of Beogh against you.
Beogh smites you!
* * * LOW HITPOINT WARNING * * *
You closely miss the orc.
* * * LOW HITPOINT WARNING * * *
You feel sick. You block the orc's attack.
You barely miss the orc priest.
The orc priest is heavily wounded.
Natasha hisses angrily.
You slash the orc!
You die...

.. #.. .. .# # #. . .# .. #.#.
#.# # #. ##h..##... .##.# ...
#.##. #...#o## ...# .......
##....####..o@#####..##.......
........####.....# ...........
.........###.###.###.##..$....
..........##.# #.........>....
..........##.#####....#.......
...>......#...................
........รท....####.##..........
.......<[.##.# #..##)##.......
......)...##.# #.###.# .#.....


You could see an orc priest, Natasha and an orc.

Vanquished Creatures
  A bullfrog (D:2)
  Jessica (D:3)
  An adder (D:3)
  An ooze (D:2)
  A worm (D:2)
  A leopard gecko (D:1)
  3 orcs (D:3)
  7 bats
  6 giant cockroaches
  9 goblins
  11 hobgoblins
  5 jackals
  2 quokkas
  3 frilled lizards
  2 kobolds
  4 rats (D:2)
58 creatures vanquished.

Notes
Turn   | Place    | Note
-------+----------+-------------------------------------------
     0 | D:1      | bnorton916 the Formicid Fighter began the quest for the
                  | Orb.
     0 | D:1      | Reached XP level 1. HP: 18/18 MP: 1/1
   194 | D:1      | Reached XP level 2. HP: 24/24 MP: 2/2
   483 | D:1      | Reached XP level 3. HP: 29/29 MP: 3/3
   855 | D:2      | Found a white marble altar of Elyvilon.
   863 | D:2      | HP: 1/29 [poisoned by a goblin]
  1244 | D:2      | Found a faded altar of an unknown god.
  1298 | D:2      | Noticed a bullfrog
  1312 | D:2      | Killed a bullfrog
  1313 | D:2      | Reached XP level 4. HP: 29/37 MP: 4/4
  1313 | D:2      | Reached XP level 5. HP: 33/42 MP: 5/5
  1696 | D:3      | Noticed Jessica
  1872 | D:3      | Killed Jessica
  1899 | D:3      | Noticed Natasha
  1914 | D:3      | HP: 1/43 [poisoned by a goblin]
  1915 | D:3      | Succumbed to a goblin's poison

Illustrated notes

Levels and vault maps discovered:
D:1:      dpeg_arrival_pond, layout_loops_ring
D:2:      layout_basic, chequers_ecumenical_altar_island, elyvilon_altar_5
D:3:      layout_rooms, lemuel_coloured_pillars_altar, feat_on_display,
          uniq_natasha, uniq_grinder, uniq_terence, uniq_jessica

Skill      XL: |  1  2  3  4  5 |
---------------+----------------+-----
Shields        | 4 |  4.8
Fighting       | 4 |  4.3
Armour         | 4 |  4.4
Axes           | 3 |  3.1

Action                   |  1- 3 |  4- 6 || total
-------------------------+-------+-------++-------
Melee: War axe           |    91 |    68 ||   159
 Abil: Dig               |     2 |       ||     2
  Use: Potion            |     2 |     1 ||     3
       Scroll            |     1 |       ||     1
Armor: Scale mail        |    48 |    20 ||    68
Dodge: Dodged            |    51 |    22 ||    73
Block: Kite shield       |    69 |    45 ||   114
